 Dungeon Crawl Stone Soup version 0.25-a0-663-gace7076f2c (webtiles) character file.

Game seed: 10604752005218703379, levelgen mode: deterministic

11399 kae the Martial Artist (level 11, 0/92 HPs)
             Began as a Red Draconian Transmuter on Mar 25, 2020.
             Was a Priest of Wu Jian.
             Slain by Urug
             ... wielding a +6 great mace
              (29 damage)
             ... on level 12 of the Dungeon.
             The game lasted 00:12:49 (11654 turns).

kae the Martial Artist (Red Draconian Transmuter)  Turns: 11654, Time: 00:12:50

Health: 0/92       AC: 10    Str: 12    XL:     11   Next: 48%
Magic:  11/21      EV: 12    Int: 17    God:    Wu Jian [***...]
Gold:   646        SH:  0    Dex: 12    Spells: 13/24 levels left

rFire    + . .     SeeInvis +     - Unarmed
rCold    . . .     Gourm    .   (shield currently unavailable)
rNeg     . . .     Faith    .   (armour unavailable)
rPois    +         Spirit   .   (helmet restricted)
rElec    .         Reflect  .   u - +1 cloak
rCorr    .         Harm     .   (gloves currently unavailable)
MR       .....                  j - +0 pair of boots
Stlth    +.........             (no amulet)
HPRegen  0.25/turn              y - ring of poison resistance
MPRegen  0.17/turn              b - ring of see invisible

@: blade hands, very slightly contaminated
A: breathe fire, unfitting armour, fire resistance 1, cold-blooded, AC +7
a: Breathe Fire, End Transformation, Wall Jump, Serpent's Lash, Renounce
Religion


You were on level 12 of the Dungeon.
You worshipped Wu Jian.
Wu Jian was most pleased with you.
You were very hungry.
You had blades for hands.
You visited 2 branches of the dungeon, and saw 13 of its levels.

You collected 646 gold pieces.

Inventory:

Hand Weapons
 E - a +2 scimitar of flaming
Missiles
 a - 296 arrows
Armour
 j - a +0 pair of boots (worn)
 u - a +1 cloak (worn)
Jewellery
 b - a ring of see invisible (right scythe-like blade)
 f - an uncursed ring of protection from magic
 h - an uncursed amulet of faith
 y - a ring of poison resistance (left scythe-like blade)
 G - an uncursed amulet of rage
Wands
 g - a wand of enslavement (8)
 w - a wand of clouds (7)
 A - a wand of random effects (15)
 B - a wand of disintegration (29)
 F - a wand of paralysis (8)
 J - a wand of polymorph (8)
Scrolls
 d - 2 scrolls of enchant weapon
 e - 8 scrolls of remove curse
 i - 3 scrolls of teleportation
 t - a scroll of amnesia
 x - 2 scrolls of fog
 C - a scroll of enchant armour
Potions
 k - 3 potions of heal wounds
 l - 3 potions of berserk rage {unknown}
 m - 2 potions of mutation {unknown}
 n - 2 potions of ambrosia
 o - 3 potions of curing {unknown}
 p - 2 potions of stabbing {unknown}
 q - 2 potions of degeneration {unknown}
 r - 4 potions of might {unknown}
 s - a potion of resistance {unknown}
 v - 2 potions of lignification
 z - 2 potions of haste {unknown}
 D - a potion of flight
Comestibles
 c - 19 rations


   Skills:
 + Level 7.4 Fighting
 - Level 1.7 Dodging
 - Level 13.0 Unarmed Combat
 - Level 7.1 Spellcasting
 - Level 10.0 Transmutations


You had 13 spell levels left.
You knew the following spells:

 Your Spells              Type           Power        Failure   Level  Hunger
a - Beastly Appendage     Tmut           #####.       9%          1    None
b - Sticks to Snakes      Tmut           #####...     10%         2    None
c - Spider Form           Tmut/Pois      ###.......   30%         3    ##.....
d - Blade Hands           Tmut           #####.....   32%         5    #####..

Your spell library contained the following spells:

 Spells                   Type           Power        Failure   Level  Hunger
 Ice Form                 Ice/Tmut       ###.....     54%         4    ####...


Dungeon Overview and Level Annotations

Branches:
Dungeon (13/15)            Temple (1/1) D:5             Orc (0/2) D:9
   Lair: D:8-11      Vaults: D:13-14

Altars:
Ashenzari
Cheibriados
Dithmenos
Elyvilon
Fedhas
Gozag
Hepliaklqana
Kikubaaqudgha
Makhleb
Nemelex Xobeh
Okawaru
Qazlal
Ru
Sif Muna
Trog
Uskayaw
Vehumet
Wu Jian
Xom
Yredelemnul
Zin
The Shining One

Shops:
D:6 }   D:7 [   D:10 =

Annotations:
D:6 exclusion: centaur
D:12 Urug


Innate Abilities, Weirdness & Mutations

You can breathe blasts of fire.
Your fiery red scales are hard. (AC +7)
You cannot fit into any form of body armour.
Your flesh is heat resistant. (rF+)
You are cold-blooded and may be slowed by cold attacks.


Message History

Aim: Urug, wielding a +6 great mace, wearing a +0 scale mail and quivering a javelin You breathe a blast of fire.
The fiery breath misses Urug.
You are feeling hungry.
Urug is engulfed in blazing flames.
Urug hits you with a +6 great mace!
Casting: Blade Hands (safe; 4% risk of failure)
Confirm with . or Enter, or press ? or * to list all spells.
You miscast Blade Hands.
You are very lightly contaminated with residual magic.
You feel a strange surge of energy!
Urug is engulfed in blazing flames.
Urug hits you with a +6 great mace!
Unknown command.
Unknown command.
Unknown command.
Casting: Blade Hands (safe; 4% risk of failure)
Confirm with . or Enter, or press ? or * to list all spells.
Your hands turn into razor-sharp scythe blades.
You are feeling very hungry.
You have got your breath back.
Urug is engulfed in blazing flames.
Urug hits you with a +6 great mace!!
You die...

#o####..#
#..##[..# #.#
#..# #..##...#
#†# #..#
#..##...# #.#
#..# #..##...#
#(# #..#
#..##...# #(#
..# #...# #.# #
#...#
..####o####..#
#...#
........@.....#
#...#
###############
#####


You could see Urug.

Vanquished Creatures
  Snorg (D:13)
  A centaur warrior (D:13)
  A two-headed ogre (D:8)
  Erica (D:9)
  An unseen horror (shapeshifter) (D:13)
  A manticore (D:13)
  4 slime creatures (D:13)
  12 yaks
  A steam dragon (D:9)
  6 vampire mosquitoes (D:12)
  Edmund (D:6)
  An acid dragon (D:12)
  2 orc warriors
  A sky beast (D:10)
  A black bear (D:7)
  4 ice beasts
  6 ogres
  5 centaurs
  7 bullfrogs
  2 wyvern zombies
  A gnoll sergeant (D:13)
  6 scorpions
  A centaur zombie (D:4)
  3 howler monkeys
  3 crimson imps
  2 bullfrog zombies
  4 hounds
  3 jellies (D:13)
  A gnoll shaman (D:3)
  2 orc priests (D:6)
  6 orc wizards
  A bullfrog skeleton (D:8)
  4 iguanas
  Jessica (D:2)
  5 worker ants
  Natasha (thrice) (D:3)
  A killer bee zombie (D:7)
  Robin (D:4)
  2 worker ant zombies
  7 gnolls
  8 adders
  3 shadow imps
  6 oozes
  3 adder skeletons
  2 worms (D:2)
  2 dart slugs
  2 leopard geckos
  12 orcs
  4 giant cockroaches
  15 goblins
  10 hobgoblins
  2 jackals (D:5)
  4 quokkas
  2 ball pythons
  8 bats
  6 frilled lizards
  A jackal zombie (D:5)
  7 kobolds
  9 rats
222 creatures vanquished.

Vanquished Creatures (others)
  A bullfrog (D:12)
  3 bushes
  3 fungi (D:10)
  10 plants (D:10)
17 creatures vanquished.

Grand Total: 239 creatures vanquished

Notes
Turn   | Place    | Note
-------+----------+-------------------------------------------
     0 | D:1      | kae the Draconian Transmuter began the quest for the Orb.
     0 | D:1      | Reached XP level 1. HP: 16/16 MP: 3/3
   152 | D:1      | Reached XP level 2. HP: 23/23 MP: 1/5
   691 | D:2      | Reached XP level 3. HP: 24/28 MP: 4/6
   695 | D:2      | Learned a level 2 spell: Sticks to Snakes
   837 | D:1      | Learned a level 3 spell: Spider Form
  1050 | D:2      | Noticed Jessica
  1208 | D:2      | Killed Jessica
  1208 | D:2      | Reached skill level 4 in Unarmed Combat
  1208 | D:2      | Reached XP level 4. HP: 33/35 MP: 4/7
  1305 | D:2      | Found a glowing silver altar of Zin.
  1716 | D:2      | Reached skill level 10 in Unarmed Combat
  1716 | D:2      | Reached XP level 5. HP: 40/40 MP: 9/9
  1876 | D:3      | Found a basalt altar of Yredelemnul.
  1952 | D:3      | Found a shattered altar of Ashenzari.
  2057 | D:3      | Found a hide-covered altar of Uskayaw.
  2236 | D:4      | Noticed Robin
  2268 | D:4      | Noticed an ogre
  2469 | D:4      | Noticed Natasha
  2612 | D:4      | Reached XP level 6. HP: 43/47 MP: 6/10
  2726 | D:3      | Killed Natasha
  2804 | D:3      | Found a hide-covered altar of Uskayaw.
  2934 | D:3      | Found a shattered altar of Ashenzari.
  2958 | D:3      | Noticed Natasha
  2963 | D:3      | Killed Natasha
  3018 | D:3      | Found a basalt altar of Yredelemnul.
  3140 | D:3      | Noticed Natasha
  3148 | D:3      | Killed Natasha
  3513 | D:4      | Found an ancient bone altar of Kikubaaqudgha.
  3580 | D:3      | Your scales start taking on a fiery red colour.
  3580 | D:3      | Reached XP level 7. HP: 46/52 MP: 8/11
  3580 | D:3      | Gained mutation: Your flesh is heat resistant. (rF+) [Red
                  | Draconian growth]
  3615 | D:4      | Killed Robin
  4266 | D:5      | Entered Level 5 of the Dungeon
  4276 | D:5      | Found a staircase to the Ecumenical Temple.
  4302 | Temple   | Entered the Ecumenical Temple
  4413 | Temple   | Became a worshipper of the Wu Jian Council
  4593 | D:5      | Found a basalt altar of Yredelemnul.
  5104 | D:6      | Reached XP level 8. HP: 51/59 MP: 11/13
  5215 | D:6      | Found a glowing golden altar of the Shining One.
  5378 | D:6      | Found Sonoviz's Gadget Shoppe.
  5405 | D:6      | Reached skill level 11 in Unarmed Combat
  5451 | D:6      | Noticed Edmund
  5463 | D:6      | Killed Edmund
  5678 | D:6      | Reached * piety under Wu Jian
  6351 | D:7      | Found Equinto's Armour Shoppe.
  6458 | D:7      | Reached XP level 9. HP: 61/64 MP: 15/15
  6936 | D:7      | Found a snail-covered altar of Cheibriados.
  7048 | D:8      | Noticed a two-headed ogre
  7068 | D:8      | Killed a two-headed ogre
  7068 | D:8      | Reached skill level 5 in Spellcasting
  7266 | D:8      | Reached skill level 12 in Unarmed Combat
  7416 | D:8      | Found a hazy altar of Hepliaklqana.
  7930 | D:9      | Learned a level 5 spell: Blade Hands
  8001 | D:9      | Found a staircase to the Orcish Mines.
  8028 | D:9      | Reached XP level 10. HP: 36/71 MP: 15/18
  8033 | D:9      | Noticed Erica
  8570 | D:9      | Killed Erica
  9009 | D:10     | Entered Level 10 of the Dungeon
  9164 | D:10     | Found Huycig's Jewellery Emporium.
  9197 | D:10     | Reached ** piety under Wu Jian
  9482 | D:10     | You fall into a shaft and drop 3 floors!
  9483 | D:13     | Noticed a manticore
  9494 | D:13     | Killed a manticore
  9718 | D:13     | Noticed a salamander
  9728 | D:13     | Noticed a harpy
  9728 | D:13     | a salamander changed into a harpy
  9730 | D:13     | Reached skill level 13 in Unarmed Combat
  9732 | D:13     | a harpy changed into something unseen
  9747 | D:13     | Noticed an unseen horror
  9759 | D:13     | Killed an unseen horror
 10209 | D:13     | Noticed a centaur warrior
 10215 | D:13     | Killed a centaur warrior
 10215 | D:13     | Reached skill level 10 in Transmutations
 10215 | D:13     | Reached XP level 11. HP: 64/77 MP: 15/21
 10257 | D:13     | Noticed Snorg
 10429 | D:13     | Killed Snorg
 11014 | D:13     | Reached skill level 5 in Fighting
 11429 | D:12     | Reached *** piety under Wu Jian
 11628 | D:12     | Noticed Urug
 11654 | D:12     | Slain by Urug

Levels and vault maps discovered:
D:1:      lightli_iron_boxes, layout_loops_ring, minmay_tall_x
D:2:      layout_basic, zin_academy, uniq_jessica
D:3:      layout_rooms, eat_drink_and_be_merry_uskayaw,
          lemuel_coloured_pillars_altar, minmay_stone_trees_small,
          nicolae_ashenzari_panopticon
D:4:      layout_rooms, kiku_gazebo_garden_becter, first_ration, uniq_natasha,
          uniq_robin
D:5:      layout_basic, minmay_temple_entry_large_hall,
          chequers_serial_rivers_room_b, minmay_misc_feat_room,
          yredelemnul_altar_generic
D:6:      layout_cave_pools, nicolae_tso_carved_into_rock, serial_shops, shop,
          kb_lookout_dungeons_type, uniq_edmund
D:7:      layout_basic, marbit_many_paths, serial_shops, shop
D:8:      layout_rooms, old_standard_altar
D:9:      minmay_skewed_foursquare, layout_loops_corners, orc_0_dummy,
          uniq_erica
D:10:     layout_layer_cave, minmay_lair_entry_grove, serial_shops, shop_statue
D:12:     layout_long_grid, uniq_urug
D:13:     layout_loops_ring, hangedman_little_slice_of_home, uniq_snorg
Temple:   regret_index_temple_waves

Skill      XL: |  1  2  3  4  5  6  7  8  9 10 11 |
---------------+----------------------------------+-----
Unarmed Combat | 4 10 11 12 13 | 13.0
Transmutations | 7 8 10 | 10.0
Spellcasting   | 3 4 5 7 |  7.1
Fighting       | 7 |  7.4
Dodging        | |  1.7

Action                   |  1- 3 |  4- 6 |  7- 9 | 10-12 || total
-------------------------+-------+-------+-------+-------++-------
Melee: Unarmed           |   102 |   133 |   275 |   216 ||   726
       Tailslap          |     5 |     8 |     9 |    20 ||    42
       Kick              |     7 |     5 |     5 |       ||    17
       Headbutt          |     5 |     3 |    13 |     4 ||    25
       Punch             |       |     4 |     5 |    12 ||    21
 Cast: Beastly Appendage |    15 |    15 |    20 |     5 ||    55
       Spider Form       |     1 |     9 |    22 |       ||    32
       Sticks to Snakes  |     1 |       |       |       ||     1
       Blade Hands       |       |       |       |    12 ||    12
Invok: Lunge             |       |       |     9 |    14 ||    23
       Whirlwind         |       |       |     3 |     3 ||     6
 Abil: Breathe Fire      |       |       |     4 |     9 ||    13
       End Transformatio |       |       |       |     1 ||     1
  Use: Scroll            |       |     9 |     8 |     2 ||    19
       Potion            |       |     1 |       |     2 ||     3
 Stab: Sleeping          |       |       |     3 |     2 ||     5
  Eat: Chunk             |     2 |     7 |    14 |    13 ||    36
       Ration            |       |       |     1 |     1 ||     2
Armor: Skin              |    26 |    26 |    37 |    55 ||   144
Dodge: Dodged            |    70 |    98 |   155 |    91 ||   414

Table legend:
 A = Non-vault XP
 B = Vault XP
 C = Vault XP percentage of total XP
 D = Non-vault monster count
 E = Vault monster count
 F = Vault count percentage of total count
                 A         B        C        D         E       F
            +---------+---------+-------+---------+---------+-------
      Total |   12814 |    3340 |  20.7 |     187 |      36 |  16.1
            +---------+---------+-------+---------+---------+-------
        D:1 |      29 |       8 |  21.6 |      18 |       4 |  18.2
        D:2 |      61 |      37 |  37.8 |      25 |       1 |   3.8
        D:3 |     388 |      34 |   8.1 |      22 |       2 |   8.3
        D:4 |     456 |      33 |   6.7 |      12 |      10 |  45.5
        D:5 |     194 |       0 |   0.0 |      14 |       0 |   0.0
        D:6 |     881 |     295 |  25.1 |      15 |       2 |  11.8
        D:7 |     607 |      39 |   6.0 |      10 |       1 |   9.1
        D:8 |    1397 |       0 |   0.0 |      12 |       0 |   0.0
        D:9 |    1591 |    1345 |  45.8 |      15 |       6 |  28.6
       D:10 |     608 |       0 |   0.0 |       8 |       0 |   0.0
       D:12 |    2239 |       0 |   0.0 |      16 |       0 |   0.0
       D:13 |    4363 |    1549 |  26.2 |      20 |      10 |  33.3
            +---------+---------+-------+---------+---------+-------
